 Dungeon Crawl Stone Soup version 0.29-a0-845-g6161e89988 (webtiles) character file.

Game seed: 13293890171299580143

31 yokelz the Stinger (level 3, -4/20 HPs)
             Began as a Tengu Venom Mage on July 15, 2022.
             Killed from afar by Terence (13 damage)
             ... with a puff of flame
             ... on level 2 of the Dungeon.
             The game lasted 00:06:20 (1920 turns).

yokelz the Stinger (Tengu Venom Mage)               Turns: 1920, Time: 00:06:20

Health: -4/20      AC:  3    Str:  8    XL:     3   Next: 22%
Magic:  4/7        EV: 12    Int: 17    God:
Gold:   73         SH:  0    Dex: 14    Spells: 5/6 levels left

rFire   . . .      SeeInvis .   d - +0 spear
rCold   . . .      Faith    .   (no shield)
rNeg    . . .      Spirit   .   a - +0 robe
rPois   .          Reflect  .   (helmet restricted)
rElec   .          Harm     .   (no cloak)
rCorr   .          Rampage  .   f - +0 pair of gloves
Will    .....                   (boots unavailable)
Stlth   ++........              (no amulet)
HPRegen 0.06/turn               (no ring)
MPRegen 0.10/turn               (no ring)

@: no status effects
A: beak, talons 3
a: no special abilities


You were on level 2 of the Dungeon.
You visited 1 branch of the dungeon, and saw 2 of its levels.

You collected 73 gold pieces.

Inventory:

Hand Weapons
 d - a +0 spear (weapon)
Armour
 a - a +0 robe (worn)
 f - a +0 pair of gloves (worn)
 i - +0 ice dragon scales
Scrolls
 e - a scroll of teleportation
 g - a scroll of enchant armour {unknown}
Potions
 b - a potion of magic
 c - a potion of resistance {unknown}
 h - a potion of lignification
 j - a potion of degeneration {unknown}


   Skills:
 * Level 0.8 Fighting
 * Level 0.6 Polearms
 + Level 2.3 Dodging
 - Level 2.0 Stealth
 - Level 2.3 Spellcasting
 - Level 0.7 Transmutations
 - Level 3.6 Poison Magic


You had 5 spell levels left.
You knew the following spells:

 Your Spells              Type           Power      Damage    Failure   Level
a - Sting                 Tmut/Pois      36%        1d4       8%          1

Your spell library contained the following spells:

 Spells                   Type           Power      Damage    Failure   Level
 Poisonous Vapours        Pois/Air       16%        N/A       14%         2
 Summon Small Mammal      Summ           4%         N/A       19%         1
 Mephitic Cloud           Conj/Pois/Air  6%         N/A       34%         3
 Olgreb's Toxic Radiance  Pois           14%        N/A       38%         4
 Call Canine Familiar     Summ           1%         N/A       50%         3
 Portal Projectile        Hex/Tloc       2%         N/A       50%         3
 Summon Guardian Golem    Hex/Summ       1%         N/A       50%         3
 Tukima's Dance           Hex            1%         N/A       50%         3
 Blade Hands              Tmut           2%         N/A       98%         5


Dungeon Overview and Level Annotations

Branches:
Dungeon (2/15)

Altars:

Annotations:
D:2 Terence


Innate Abilities, Weirdness & Mutations

You have a beak for a mouth.
You have claws for feet.


Message History

The kobold is heavily wounded.
You kill the kobold!
Things that are here:
a +0 whip; an orb of wrath; a kobold corpse
k - an orb of wrath You drop an orb of wrath.
You now have 73 gold pieces (gained 7).
Terence the Incautious comes into view.
He is wielding a +0 hand axe and carrying a wand of flame (6).
Aiming: Sting (safe; 8% risk of failure)
Press: ? - help, Q - select action Shift-Dir - straight line, f - Terence
Aim: Terence, wielding a +0 hand axe, wearing a +0 scale mail and carrying a wand of flame (6) (asleep, 100% to hit)
You miscast Sting.
You are very lightly contaminated with residual magic.
Nothing appears to happen.
Aiming: Sting (safe; 8% risk of failure)
Press: ? - help, Q - select action Shift-Dir - straight line, f/p - Terence
Aim: Terence, wielding a +0 hand axe, wearing a +0 scale mail and carrying a wand of flame (6) (asleep, 100% to hit)
The sting hits Terence but does no damage.
Terence is poisoned.
Terence shouts!
You hear an angry hiss.
A ball python comes into view.
Terence zaps a wand.
The puff of flame hits you!
Ouch! That really hurt!
Your magical contamination has completely faded away.
Aiming: Sting (safe; 8% risk of failure)
Press: ? - help, Q - select action Shift-Dir - straight line, f/p - Terence
Aim: Terence, wielding a +0 hand axe, wearing a +0 scale mail and carrying a wand of flame (5) (moderately wounded, 72% to hit)
The sting hits Terence.
Terence is poisoned.
Terence is moderately wounded.
Aiming: Sting (safe; 8% risk of failure)
Press: ? - help, Q - select action Shift-Dir - straight line, f/p - Terence
Aim: Terence, wielding a +0 hand axe, wearing a +0 scale mail and carrying a wand of flame (5) (heavily wounded, poisoned, 72% to hit)
The sting hits Terence but does no damage.
Terence looks even sicker.
Terence is heavily wounded.
Terence attacks as you move away! Terence misses you.
Terence zaps a wand.
The puff of flame hits you!
Ouch! That really hurt!
You die...

###############
#......@.@S...#
##.##########.#
#.# #.# #.# #@#
#.# #S# #.# #.#
#.# ... #.#
..... #.#
#.#+###


You could see Terence (very poisoned) and a ball python.

Vanquished Creatures
  A dart slug (D:1)
  2 endoplasms (D:1)
  4 goblins (D:1)
  3 hobgoblins
  A quokka (D:1)
  4 ball pythons
  A bat (D:1)
  8 kobolds
  4 rats (D:1)
28 creatures vanquished.

Notes
Turn   | Place    | Note
-------+----------+-------------------------------------------
     0 | D:1      | yokelz the Tengu Venom Mage began the quest for the Orb.
     0 | D:1      | Reached XP level 1. HP: 10/10 MP: 4/4
   355 | D:1      | Reached XP level 2. HP: 15/15 MP: 4/6
  1241 | D:1      | Reached XP level 3. HP: 17/20 MP: 5/7
  1907 | D:2      | Noticed Terence
  1920 | D:2      | Killed from afar by Terence

Illustrated notes

Levels and vault maps discovered:
D:1:      arrival_zaba_pyramid, layout_loops_ring
D:2:      layout_basic, uniq_terence

Action                   || total
-------------------------++-------
Melee: Spear             ||    29
       Unarmed           ||     2
       Peck              ||     2
       Punch             ||     1
       Kick              ||     2
 Cast: Sting             ||    30
  Use: Scroll            ||     2
Armor: Robe              ||     3
Dodge: Dodged            ||    14

Table legend: (Time is in decaauts)
 A = Elapsed time spent in this place.
 B = Non-inter-level travel time spent in this place.
 C = Inter-level travel time spent in this place.
 D = Time resting spent in this place.
 E = Time spent auto-exploring this place.
 F = Levels seen in this place.
 G = Mean time per level.
                   A        B        C        D        E       F      G
               +--------+--------+--------+--------+--------+-----+--------+
         Total |   1922 |   1898 |     24 |    511 |   1098 |   2 |  961.0 |
       Dungeon |   1922 |   1898 |     24 |    511 |   1098 |   2 |  961.0 |
               +--------+--------+--------+--------+--------+-----+--------+

Top non-repeatable levels by time:
     D:1: 1508 daAuts
     D:2: 414 daAuts
